General information
- name: 1v1 obs TS #9
- type: Custom game
- host: snarker
- saver: TIMG4STRok
map: TerenasStand
- players: 11
- length: 20:56
- speed: Fast
- version: 1.21 W3XP
- replay type:

» download(100 KB)
Players
team 1 (winner)
TIMG4STRok (
red | 153 APM | 3207 actions | 20:56)
3 Warden
2 Fan of Knives
1 Blink
4 Pandaren Brewmaster
2 Breath of Fire
2 Drunken Haze
» actions
| Assign group hotkey | 24 | |
| Basic commands | 107 | |
| Build / train | 69 | |
| ESC pressed | 6 | |
| Enter build submenu | 26 | |
| Enter hero's abilities submenu | 8 | |
| Give item / drop item | 5 | |
| Right click | 1711 | |
| Select / deselect | 274 | |
| Select group hotkey | 880 | |
| Use ability | 97 | |
3207 total
» units
| Wisp | 20 | |
| Archer | 7 | |
| Goblin Shredder | 1 | |
| Dryad | 8 | |
| Druid of the Claw | 3 | |
39 total
» upgrades
| Abolish Magic | 1 | |
| Ultravision | 1 | |
| Strength of the Wild | 1 | |
| Reinforced Hides | 1 | |
| Druid of the Claw Training | 2 | |
| Well Spring | 1 | |
| Mark of the Claw | 1 | |
8 total
» buildings
| Altar of Elders | 2 | |
| Moon Well | 7 | |
| Ancient of War | 2 | |
| Tree of Ages | 1 | |
| Hunter's Hall | 1 | |
| Ancient of Wonders | 1 | |
| Ancient of Lore | 2 | |
| Ancient Protector | 5 | |
| Tree of Eternity | 1 | |
| Tree of Life | 5 | |
27 total
» build order
00:03 Altar of Elders
00:05 Altar of Elders
00:19 Moon Well
00:39 Ancient of War
01:30 Moon Well
02:04 Moon Well
02:28 Ancient of War
03:40 Tree of Ages
04:50 Hunter's Hall
05:28 Ancient of Wonders
06:05 Ancient of Lore
06:25 Ancient Protector
08:42 Moon Well
08:43 Moon Well
08:52 Tree of Eternity
09:51 Ancient of Lore
13:07 Moon Well
13:52 Moon Well
16:04 Tree of Life
16:06 Ancient Protector
16:07 Ancient Protector
16:09 Ancient Protector
16:14 Tree of Life
16:18 Tree of Life
16:23 Ancient Protector
16:29 Tree of Life
16:36 Tree of Life
» items
| Boots of Speed | 2 | |
| Staff of Preservation | 2 | |
| Potion of Healing | 1 | |
| Orb of Venom | 2 | |
| Dust of Appearance | 1 | |
| Scroll of Town Portal | 1 | |
9 total
team 2 (loser)
MarkAustin316 (
blue | 159 APM | 3315 actions | 20:49)
4 Death Knight
2 Death Coil
2 Unholy Aura
3 Lich
2 Frost Nova
1 Dark Ritual
» actions
| Assign group hotkey | 31 | |
| Basic commands | 35 | |
| Build / train | 57 | |
| ESC pressed | 5 | |
| Enter build submenu | 19 | |
| Enter hero's abilities submenu | 7 | |
| Give item / drop item | 1 | |
| Right click | 2117 | |
| Select / deselect | 478 | |
| Select group hotkey | 484 | |
| Use ability | 81 | |
3315 total
» units
| Acolyte | 6 | |
| Ghoul | 13 | |
| Gargoyle | 7 | |
| Goblin Sapper | 1 | |
| Obsidian Statue | 1 | |
| Meatwagon | 2 | |
| Abomination | 4 | |
34 total
» upgrades
| Stone Form | 1 | |
| Creature Attack | 2 | |
| Disease Cloud | 1 | |
| Ghoul Frenzy | 1 | |
5 total
» buildings
| Crypt | 2 | |
| Ziggurat | 6 | |
| Altar of Darkness | 1 | |
| Tomb of Relics | 1 | |
| Halls of the Dead | 2 | |
| Graveyard | 1 | |
| Black Citadel | 1 | |
| Slaughterhouse | 2 | |
| Nerubian Tower | 2 | |
| Sacrificial Pit | 1 | |
19 total
» build order
00:06 Crypt
00:09 Ziggurat
00:23 Altar of Darkness
00:59 Tomb of Relics
01:28 Ziggurat
02:24 Crypt
03:12 Ziggurat
04:07 Halls of the Dead
04:08 Halls of the Dead
05:20 Graveyard
06:42 Black Citadel
06:46 Slaughterhouse
08:26 Nerubian Tower
08:26 Nerubian Tower
09:14 Ziggurat
10:09 Slaughterhouse
10:46 Sacrificial Pit
13:21 Ziggurat
15:05 Ziggurat
» items
| Rod of Necromancy | 1 | |
| Dust of Appearance | 1 | |
| Staff of Teleportation | 1 | |
| Orb of Corruption | 1 | |
4 total
observerssnarker,
Dark_Force,
mlbazan,
imp.bloody,
UsedWell,
d0ris,
doodlefolks,
Kevibot,
koonst Chat log
(00:49 / All) MarkAustin316: GL
(00:51 / All) TIMG4STRok: gl hf
(14:18 / All) TIMG4STRok: lm,ao
(20:48 / All) MarkAustin316: GG